 Dungeon Crawl Stone Soup version 0.29.1-2-gbd0b4ee654 (webtiles) character file.

Game seed: 4578170360512327272

165 hawla the Chiller (level 6, -10/45 HPs)
             Began as a Meteoran Ice Elementalist on Nov 10, 2022.
             Mangled by a gnoll
             ... wielding a +2 vorpal halberd
             ... led by a gnoll bouda
              (17 damage)
             ... on level 4 of the Dungeon.
             The game lasted 00:08:23 (1596 turns).

hawla the Chiller (Meteoran Ice Elementalist)       Turns: 1596, Time: 00:08:24

Health: -10/45     AC:  3    Str:  9    XL:     6   Next: 4%
Magic:  2/12       EV: 12    Int: 18    God:
Gold:   16         SH:  0    Dex: 16    Spells: 4/12 levels left

rFire   . . .      SeeInvis .   d - +11 plutonium sword {Contam Stlth-}
rCold   . . .      Faith    .   (shield currently unavailable)
rNeg    . . .      Spirit   .   a - +0 robe
rPois   .          Reflect  .   (no helmet)
rElec   .          Harm     .   (no cloak)
rCorr   .          Rampage  .   g - +0 pair of gloves
Will    .....                   (no boots)
Stlth   +.........              (no amulet)
HPRegen 0.15/turn               (no ring)
MPRegen 0.13/turn               (no ring)

@: mighty, freezing walls, very slightly contaminated, glowing
A: sense surroundings 1, otherworldly, glowing, explore regen
a: no special abilities


You were on level 4 of the Dungeon.
You visited 1 branch of the dungeon, and saw 4 of its levels.

You collected 112 gold pieces.
You spent 96 gold pieces at shops.

Inventory:

Hand Weapons
 d - the +11 plutonium sword (weapon) {Contam Stlth-}
   (You acquired it on level 3 of the Dungeon)

   It occasionally inflicts wild transmutation effects on those it strikes,
   inflicting malmutation or extra damage, or polymorphing them into a new form.
   Contam:    It causes magical contamination when unequipped.
   Stlth:     It makes you less stealthy.
Armour
 a - a +0 robe (worn)
 g - a +0 pair of gloves (worn)
Jewellery
 k - a ring of resist corrosion
Wands
 h - a wand of iceblast (2)
 o - a wand of flame (8) (quivered)
Scrolls
 c - a scroll of blinking
 f - 2 scrolls of teleportation {unknown}
 l - a scroll of amnesia {unknown}
 m - a scroll of fog {unknown}
 n - a scroll of silence {unknown}
Potions
 b - a potion of magic
 i - a potion of haste
 j - a potion of attraction
 p - a potion of berserk rage {unknown}


   Skills:
 - Level 2.4 Dodging
 - Level 1.4 Stealth
 - Level 3.8 Spellcasting
 + Level 3.0 Conjurations
 - Level 6.0 Ice Magic


You had 4 spell levels left.
You knew the following spells:

 Your Spells              Type           Power      Damage    Failure   Level
a - Freeze                Ice            100%       1d11      1%          1
b - Frozen Ramparts       Ice            50%        1d8       3%          3
c - Hailstorm             Conj/Ice       19%        3d6       24%         4

Your spell library contained the following spells:

 Spells                   Type           Power      Damage    Failure   Level
 Ozocubu's Armour         Ice            25%        N/A       3%          3
 Magic Dart               Conj           56%        1d5       4%          1
 Searing Ray              Conj           28%        2d5       6%          2
 Fulminant Prism          Conj/Hex       4%         3d6       63%         4


Dungeon Overview and Level Annotations

Branches:
Dungeon (4/15) Zot: 773
 Temple: D:4-7

Altars:
Uskayaw

Shops:
D:3 ([*=?


Innate Abilities, Weirdness & Mutations

You passively map a small area around you.
You are easily found by Zot.
You glow in the dark.
You regain HP and MP as you explore.


Message History

You are very lightly contaminated with residual magic.
Nothing appears to happen.
The gnoll barely misses you.
The gnoll bouda barks out a call to the hunt!
The gnolls pick up the pace!
The gnoll hits you with a +0 club.
Casting: Frozen Ramparts (dangerous; 3% risk of failure)
Confirm with . or Enter, or press ? or * to list all spells.
Casting: Frozen Ramparts (dangerous; 3% risk of failure)
Press: ? - help, Dir - look around, f - activate A stone staircase leading up.
The walls around you are covered in ice.
The wall freezes the ball python.
You kill the ball python!
The wall freezes the gnoll. x2
The gnoll hits you with a +2 vorpal halberd!
The wall freezes the gnoll.
The wall freezes the gnoll bouda but does no damage.
The wall freezes the gnoll.
The gnoll barely misses you.
Unknown command.
Casting: Frozen Ramparts (dangerous; 3% risk of failure)
Confirm with . or Enter, or press ? or * to list all spells.
The spell is quite dangerous to miscast (24% risk of failure)!
Continue anyway?
Casting: Hailstorm (quite dangerous; 24% risk of failure)
Press: ? - help, Dir - look around, f - activate You miscast Hailstorm.
Nothing appears to happen.
The wall freezes the gnoll.
The wall freezes the gnoll!
The gnoll barely misses you.
The wall freezes the gnoll.
The gnoll hits you with a +0 club!
The wall freezes the gnoll but does no damage.
The gnoll hits you with a +2 vorpal halberd!
* * * LOW HITPOINT WARNING * * *
x2 The wall freezes the gnoll bouda.
It was a potion of might.
You feel very mighty all of a sudden.
The wall freezes the gnoll. x3
You kill the gnoll!
The wall freezes the gnoll.
The gnoll hits you with a +0 club.
* * * LOW HITPOINT WARNING * * *
The wall freezes the gnoll.
The gnoll hits you with a +2 vorpal halberd!
You die...

* * , , , , , *
** * * , * * ,
, # ,
#.##########..#
..(....ggg.....
......>@)gg...#
,
..###.######..#
,, #,* ,* , * ,
* * * * * , , *
* , ~ * * * * *
, , * * *


You could see a gnoll bouda and 4 gnolls.

Vanquished Creatures
  2 orc wizards (D:3)
  A gnoll (D:4)
  3 adders
  7 orcs (D:3)
  6 bats
  9 endoplasms
  3 giant cockroaches
  6 goblins
  7 hobgoblins
  10 jackals
  2 kobolds
  A quokka (D:1)
  9 ball pythons
  4 frilled lizards
  5 rats
75 creatures vanquished.

Notes
Turn   | Place    | Note
-------+----------+-------------------------------------------
     0 | D:1      | hawla the Meteoran Ice Elementalist began the quest for the
                  | Orb.
     0 | D:1      | Reached XP level 1. HP: 14/14 MP: 5/5
    16 | D:1      | Reached XP level 2. HP: 16/20 MP: 0/6
   218 | D:1      | Reached XP level 3. HP: 26/26 MP: 8/8
   222 | D:1      | Learned a level 3 spell: Frozen Ramparts
   414 | D:1      | Found a faded altar of an unknown god.
   481 | D:2      | Reached skill level 5 in Ice Magic
   728 | D:2      | Reached XP level 4. HP: 33/33 MP: 6/10
   737 | D:2      | Learned a level 4 spell: Hailstorm
   901 | D:3      | Identified a scroll of acquirement
   901 | D:3      | Acquired the +11 plutonium sword {Contam Stlth-}
   901 | D:3      | Found the +11 plutonium sword {Contam Stlth-}
   960 | D:3      | Reached XP level 5. HP: 38/38 MP: 11/11
   962 | D:3      | Reached skill level 6 in Ice Magic
   965 | D:3      | Reached skill level 1 in Conjurations
  1068 | D:3      | Found Ostren Simi's Antique Weapon Shoppe.
  1144 | D:3      | Found Dikuoqo's Armour Shop.
  1154 | D:3      | Found a hide-covered altar of Uskayaw.
  1155 | D:3      | Noticed a +0 dagger
  1155 | D:3      | Noticed a +0 dagger
  1209 | D:3      | Found Bosycvuc's Jewellery Emporium.
  1238 | D:3      | Found Ziam's Assorted Antiques.
  1254 | D:3      | Bought a brass wand for 96 gold pieces
  1385 | D:3      | Reached XP level 6. HP: 36/45 MP: 8/12
  1415 | D:3      | Found Tix Ocirch's Magic Scroll Shoppe.
  1596 | D:4      | Mangled by a gnoll

Illustrated notes

Levels and vault maps discovered:
D:1:      heliophobic_arrival_henge, layout_rooms,
          hellmonk_ecumenical_altar_inner_sanctum, minmay_distorted
D:2:      layout_rooms
D:3:      layout_loops_ring, dancing_weapons_uskayaw, serial_shops,
          shop_fountains, nicolae_shop_advertising_works
          [nicolae_subvault_shop_adworks], shop, shop_statue, shop,
          minivault_11, saegor_snake_ambush
D:4:      layout_loops_ring, nicolae_wu_jian_wuxing_cycle

Skill      XL: |  1  2  3  4  5  6 |
---------------+-------------------+-----
Spellcasting   | 3 |  3.8
Ice Magic      | 5 6 |  6.0
Conjurations   | 2 3 |  3.0
Dodging        | |  2.4
Stealth        | |  1.4

Action                   |  1- 3 |  4- 6 || total
-------------------------+-------+-------++-------
Melee: Unarmed           |     6 |       ||     6
       Triple sword      |       |    19 ||    19
 Cast: Freeze            |    28 |     2 ||    30
       Frozen Ramparts   |    10 |    20 ||    30
       Hailstorm         |       |     1 ||     1
  Use: Scroll            |     1 |     4 ||     5
       Potion            |       |     1 ||     1
Armor: Robe              |    13 |     9 ||    22
Dodge: Dodged            |    19 |    22 ||    41
